 Dungeon Crawl Stone Soup version 0.29.0-4-gdea44cf6ec (webtiles) character file.

Game seed: 13367393473812810038

7 qw the Vexing (level 2, -3/27 HPs)
             Began as an Ogre Enchanter on Sept 3, 2022.
             Slain by a quokka (4 damage)
             ... on level 1 of the Dungeon.
             The game lasted 00:00:14 (399 turns).

qw the Vexing (Ogre Enchanter)                       Turns: 399, Time: 00:00:15

Health: -3/27      AC:  3    Str: 11    XL:     2   Next: 4%
Magic:  5/5        EV:  9    Int: 16    God:
Gold:   7          SH:  0    Dex:  9    Spells: 5/5 levels left

rFire   . . .      SeeInvis .   a - +1 dagger
rCold   . . .      Faith    .   (no shield)
rNeg    . . .      Spirit   .   b - +0 robe
rPois   .          Reflect  .   (helmet restricted)
rElec   .          Harm     .   (no cloak)
rCorr   .          Rampage  .   (gloves unavailable)
Will    .....                   (boots unavailable)
Stlth   ++........              (no amulet)
HPRegen 0.09/turn               (no ring)
MPRegen 0.09/turn               (no ring)

@: no status effects
A: large, unfitting armour, tough skin 1
a: no special abilities


You were on level 1 of the Dungeon.
You visited 1 branch of the dungeon, and saw 1 of its levels.

You collected 7 gold pieces.


Innate Abilities, Weirdness & Mutations

You are too large for most types of armour.
You have tough skin. (AC +1)


   Skills:
 - Level 1.0 Fighting
 - Level 0.8 Short Blades
 + Level 1.3 Axes
 - Level 1.7 Dodging
 - Level 2.1 Stealth
 - Level 2.4 Spellcasting
 - Level 2.6 Hexes


You had 5 spell levels left.
You didn't know any spells.
Your spell library contained the following spells:

 Spells                   Type           Power      Damage    Failure   Level
 Ensorcelled Hibernation  Hex/Ice        12%        N/A       17%         2
 Confusing Touch          Hex            10%        N/A       21%         3
 Tukima's Dance           Hex            10%        N/A       21%         3
 Dazzling Flash           Conj/Hex       12%        N/A       34%         3

Inventory:

Hand Weapons
 a - a +1 dagger (weapon)
Armour
 b - a +0 robe (worn)
Potions
 c - 2 potions of invisibility
 d - a potion of lignification {unknown}

Dungeon Overview and Level Annotations

Branches:
Dungeon (1/15)

Altars:


Message History

An endoplasm is nearby!
The endoplasm quivers.
You start resting.
An endoplasm is nearby!
You hit the endoplasm but do no damage. The endoplasm freezes you.
You are frozen.
You hit the endoplasm.
The endoplasm is heavily wounded.
The endoplasm freezes you.
You are frozen.
You hit the endoplasm but do no damage.
The endoplasm is heavily wounded.
The endoplasm hits you.
You hit the endoplasm.
The endoplasm is almost dead.
The endoplasm barely misses you.
You hit the endoplasm but do no damage.
The endoplasm is almost dead.
The endoplasm hits you but does no damage.
You hit the endoplasm.
You kill the endoplasm!
You have reached level 2!
You start resting.
A quokka is nearby!
390 ||| Stepping ~*~*~tactically~*~*~ (stealth).
Things that are here:
a +0 dagger; a kobold corpse You start resting.
A quokka is nearby!
The quokka bites you.
You closely miss the quokka. The quokka bites you.
You closely miss the quokka. The quokka closely misses you.
You barely miss the quokka. The quokka bites you.
You closely miss the quokka. The quokka bites you.
You die...

#...#..>....
#........... ##
####.##........
.....
####....###.......
J....## #.##.####
##..##..
.......##.##.#
#######
..........##.#
........r.#..#
.[..!..#.@#.##
......)#...>#
........#####
........#
........#
#.....#.#
.#..#.#.#
.)#...#.. . .#.
###


You could see a quokka.

Vanquished Creatures
  A bat (D:1)
  An endoplasm (D:1)
  A hobgoblin (D:1)
  2 ball pythons (D:1)
  2 kobolds (D:1)
  A rat (D:1)
8 creatures vanquished.

Notes
Turn   | Place    | Note
-------+----------+-------------------------------------------
     0 | D:1      | qw the Ogre Enchanter began the quest for the Orb.
     0 | D:1      | Reached XP level 1. HP: 16/16 MP: 3/3
     0 | D:1      | 0 ||| qw: Version: 0.1-a-102-g441f92d
     0 | D:1      | 0 ||| qw: Game counter: 5100
     0 | D:1      | 0 ||| qw: Always use a shield: true
     0 | D:1      | 0 ||| qw: God list: Okawaru
     0 | D:1      | 0 ||| qw: Allow faded altars: false
     0 | D:1      | 0 ||| qw: Do Orc after D:15 true
     0 | D:1      | 0 ||| qw: Do second Lair branch before Depths: true
     0 | D:1      | 0 ||| qw: Lair rune preference: random
     0 | D:1      | 0 ||| qw: Plans: Normal
     0 | D:1      | 0 ||| PLANNING D:1-11
    38 | D:1      | 38 ||| Stepping ~*~*~tactically~*~*~ (stealth).
    52 | D:1      | HP: 3/16 [hobgoblin (4)]
   341 | D:1      | Reached skill level 1 in Axes
   356 | D:1      | 356 ||| Stepping ~*~*~tactically~*~*~ (stealth).
   363 | D:1      | Reached skill level 1 in Fighting
   373 | D:1      | 373 ||| Stepping ~*~*~tactically~*~*~ (stealth).
   388 | D:1      | Reached XP level 2. HP: 7/27 MP: 5/5
   390 | D:1      | 390 ||| Stepping ~*~*~tactically~*~*~ (stealth).
   395 | D:1      | HP: 4/27 [quokka (4)]
   398 | D:1      | HP: 1/27 [quokka (2)]
   399 | D:1      | Slain by a quokka

Levels and vault maps discovered:
D:1:      saegor_arrival_simple_c, layout_basic, chequers_serial_rivers_micro_a,
          st_stairs_5, minmay_misc_feat_encased, hangedman_decor_opposing

Skill      XL: |  1 |
---------------+----+-----
Axes           | 1 |  1.3
Fighting       | 1 |  1.0
Short Blades   | |  0.8
Dodging        | |  1.7
Stealth        | |  2.1
Spellcasting   | |  2.4
Hexes          | |  2.6

Action                   || total
-------------------------++-------
Melee: Dagger            ||    42
Armor: Robe              ||    13
Dodge: Dodged            ||    15

Table legend:
 A = Non-vault XP
 B = Vault XP
 C = Vault XP percentage of total XP
 D = Non-vault monster count
 E = Vault monster count
 F = Vault count percentage of total count
                 A         B        C        D         E       F
            +---------+---------+-------+---------+---------+-------
      Total |       7 |       4 |  36.4 |       5 |       3 |  37.5
            +---------+---------+-------+---------+---------+-------
        D:1 |       7 |       4 |  36.4 |       5 |       3 |  37.5
            +---------+---------+-------+---------+---------+-------
